 Dungeon Crawl Stone Soup version 0.25.1-2-g60ff931df9 (webtiles) character file.

Game seed: 16799904232585508982

350 Acheron the Chopper (level 6, -2/53 HPs)
             Began as a Hill Orc Monk on Aug 18, 2020.
             Slain by an ogre
             ... wielding a +0 giant spiked club
              (9 damage)
             ... on level 4 of the Dungeon.
             The game lasted 00:25:34 (4235 turns).

Acheron the Chopper (Hill Orc Monk)                 Turns: 4235, Time: 00:25:34

Health: -2/53      AC:  8    Str: 14    XL:     6   Next: 61%
Magic:  8/8        EV:  8    Int: 10    God:
Gold:   169        SH:  8    Dex: 15    Spells: 7/7 levels left

rFire    . . .     SeeInvis .   m - +2 whip (flame)
rCold    . . .     Gourm    .   i - +0 kite shield
rNeg     . . .     Faith    .   k - +0 scale mail
rPois    .         Spirit   .   s - +1 helmet
rElec    .         Reflect  .   (no cloak)
rCorr    .         Harm     .   (no gloves)
MR       .....                  (no boots)
Stlth    +.........             (no amulet)
HPRegen  0.17/turn              (no ring)
MPRegen  0.11/turn              (no ring)

@: no status effects
A: no striking features
a: no special abilities


You were on level 4 of the Dungeon.
You were not hungry.

You visited 1 branch of the dungeon, and saw 5 of its levels.

You collected 169 gold pieces.

Inventory:

Hand Weapons
 a - a +0 hand axe
 b - a +2 vampiric dagger
 f - a +1 vorpal flail
 h - a +2 vorpal trident
 m - a +2 whip of flaming (weapon)
 r - a +0 hunting sling
 w - a +2 whip of pain
 z - the cursed +2 short sword of Sufig {vorpal, rN+}
   (You found it on level 4 of the Dungeon)

   It inflicts extra damage upon your enemies.
   It protects you from negative energy.
   It has a curse placed upon it.
Missiles
 g - 152 stones (quivered)
 j - 45 sling bullets
Armour
 i - a +0 kite shield (worn)
 k - a +0 scale mail (worn)
 s - a +1 helmet (worn)
 x - a +1 leather armour of cold resistance
Scrolls
 l - 3 scrolls of magic mapping
 q - 3 scrolls of teleportation
 t - a scroll of amnesia
 u - 2 scrolls of remove curse
 y - a scroll of blinking {unknown}
 A - a scroll of immolation {unknown}
Potions
 d - 2 potions of cancellation
 e - a potion of resistance {unknown}
 n - a potion of might {unknown}
 o - a potion of mutation {unknown}
 p - 3 potions of flight
 v - a potion of invisibility {unknown}
 C - a potion of haste
Comestibles
 c - 6 rations
 B - 3 chunks of flesh


   Skills:
 * Level 4.5 Fighting
 + Level 4.5(4.9) Axes
 + Level 2.2(3.3) Maces & Flails
 + Level 0.7(0.8) Slings
 + Level 0.3(0.6) Throwing
 * Level 2.3 Armour
 * Level 3.1 Dodging
 * Level 2.4 Stealth
 * Level 2.1 Shields
 + Level 1.4 Spellcasting


You had 7 spell levels left.
You didn't know any spells.
Your spell library was empty.

Dungeon Overview and Level Annotations

Branches:
Dungeon (5/15)
 Temple: D:4-7

Altars:
Cheibriados
Hepliaklqana
Makhleb
Ru
Trog
Vehumet
Xom
The Shining One


Message History

The ogre is moderately wounded.
The ogre barely misses you.
You barely miss the ogre.
The ogre is moderately wounded.
You hit the ogre. You burn the ogre.
The ogre is heavily wounded.
The ogre hits you with a +0 giant spiked club!!
* * * LOW HITPOINT WARNING * * *
You hit the ogre but do no damage.
The ogre is heavily wounded.
The ogre closely misses you.
You hit the ogre. You burn the ogre.
The ogre is heavily wounded.
You block the ogre's attack.
You hit the ogre but do no damage.
The ogre is heavily wounded.
You hit the ogre. You burn the ogre.
The ogre is severely wounded.
The ogre hits you with a +0 giant spiked club!
You die...

♣≈. _._ ......%. ≈.
^.### #...... _♣. #.#
#.#..# #^#
#.#######.#..#
#.###............#
####.........O......#
.......#.##.####.#..#
########.##.# #O# ...
#.##O####@#. #
#.##.........#
#.........#w.#
####.######.... #.#
.##.# ..# .. . ### ##
#..


You could see an ogre and a worm.

Vanquished Creatures
  An ogre (D:4)
  A howler monkey (D:4)
  A crimson imp (D:4)
  An orc wizard (D:4)
  Robin (D:2)
  2 adders (D:3)
  2 gnolls (D:4)
  An adder skeleton (D:4)
  2 worms
  A dart slug (D:3)
  2 leopard geckos
  12 orcs
  2 ball pythons
  10 bats
  6 giant cockroaches
  20 goblins
  12 hobgoblins
  2 jackals (D:2)
  7 kobolds
  A quokka (D:4)
  6 frilled lizards
  4 rats
97 creatures vanquished.

Notes
Turn   | Place    | Note
-------+----------+-------------------------------------------
     0 | D:1      | Acheron the Hill Orc Monk began the quest for the Orb.
     0 | D:1      | Reached XP level 1. HP: 19/19 MP: 1/1
   286 | D:1      | Reached XP level 2. HP: 23/27 MP: 2/2
   802 | D:2      | Found a bloodstained altar of Trog.
   802 | D:2      | Found a radiant altar of Vehumet.
   802 | D:2      | Found a sacrificial altar of Ru.
   802 | D:2      | Found a snail-covered altar of Cheibriados.
   802 | D:2      | Found a glowing golden altar of the Shining One.
   949 | D:2      | Reached XP level 3. HP: 29/33 MP: 3/3
  1060 | D:2      | Noticed Robin
  1072 | D:2      | Found a hazy altar of Hepliaklqana.
  1533 | D:2      | Reached XP level 4. HP: 40/40 MP: 4/4
  1540 | D:2      | Killed Robin
  1540 | D:2      | Reached skill level 1 in Spellcasting
  1870 | D:2      | Reached skill level 1 in Armour
  1966 | D:2      | Reached skill level 1 in Shields
  2403 | D:4      | Reached XP level 5. HP: 35/46 MP: 6/6
  2610 | D:4      | Noticed an ogre
  2620 | D:4      | Killed an ogre
  2620 | D:4      | Reached skill level 1 in Maces & Flails
  2623 | D:4      | Got a jewelled short sword
  2967 | D:4      | Reached XP level 6. HP: 38/53 MP: 7/7
  3249 | D:3      | Identified the cursed +2 short sword of Sufig {vorpal, rN+}
                  | (You found it on level 4 of the Dungeon)
  3310 | D:3      | Found a burning altar of Makhleb.
  3914 | D:5      | Entered Level 5 of the Dungeon
  4196 | D:4      | Found a shimmering altar of Xom.
  4196 | D:4      | Found a shimmering altar of Xom.
  4197 | D:4      | Found a shimmering altar of Xom.
  4201 | D:4      | Found a shimmering altar of Xom.
  4201 | D:4      | Found a shimmering altar of Xom.
  4201 | D:4      | Found a shimmering altar of Xom.
  4235 | D:4      | Slain by an ogre

Illustrated notes

Levels and vault maps discovered:
D:1:      wander_arrival_chamber, layout_loops_cross, st_stairs_10
D:2:      layout_loops_cross, overflow_temple_1_default,
          grunt_temple_overflow_open, first_ration,
          chequers_serial_rivers_marsh, uniq_robin
D:3:      kennysheep_the_goblin_king, layout_loops_cross, lemuel_doored_altar
D:4:      layout_loops_ring, xom_redecorated, minmay_door_square
D:5:      minmay_clustersquares, layout_cave_pools,
          chequers_temple_overflow_statue_of_worship,
          minmay_temple_entry_large_hall, serial_shops, kennysheep_mini_moat,
          uniq_edmund

Skill      XL: |  1  2  3  4  5  6 |
---------------+-------------------+-----
Fighting       | 4 |  4.5
Spellcasting   | 1 |  1.4
Armour         | 1 2 |  2.3
Shields        | 1 2 |  2.1
Stealth        | 2 |  2.4
Maces & Flails | 1 2 |  2.2
Dodging        | 3 |  3.1
Axes           | |  4.5
Slings         | |  0.7
Throwing       | |  0.3

Action                   |  1- 3 |  4- 6 || total
-------------------------+-------+-------++-------
Melee: Hand axe          |   108 |       ||   108
       Whip              |    23 |   237 ||   260
 Fire: Hunting sling     |     1 |     3 ||     4
  Use: Scroll            |     2 |     7 ||     9
 Stab: Sleeping          |     3 |       ||     3
  Eat: Chunk             |     2 |     4 ||     6
       Ration            |       |     2 ||     2
Armor: Robe              |     7 |       ||     7
       Ring mail         |    43 |     7 ||    50
       Leather armour    |     3 |       ||     3
       Scale mail        |       |    72 ||    72
Dodge: Dodged            |    77 |    55 ||   132
Block: Kite shield       |    19 |    68 ||    87
